 Dungeon Crawl Stone Soup version 0.17-a0-1468-gbf503c2 (webtiles) character file.

168 pulse the Skirmisher (level 5, 0/43 HPs)
             Began as a Formicid Berserker on July 1, 2015.
             Was a Priest of Trog.
             Slain by Grinder (6 damage)
             ... on level 3 of the Dungeon.
             The game lasted 00:04:07 (2686 turns).

pulse the Skirmisher (Formicid Berserker)           Turns: 2686, Time: 00:04:07

Health: 0/43       AC:  6    Str: 22    XL:     5   Next: 77%
Magic:  14/14      EV: 11    Int:  7    God:    Trog [***...]
Gold:   126        SH:  0    Dex: 10    Spells: 0 memorised, 4 levels left

rFire  . . .     SeeInvis +     l - +2 short sword (speed)
rCold  + . .     Clarity  .     s - +3 leather armour {rC+}
rNeg   . . .     SustAt   .     (no shield)
rPois  .         Gourm    .     (helmet unavailable)
rElec  .         Spirit   .     (no cloak)
rCorr  .         Warding  .     (no gloves)
rMut   .         Stasis   +     (no boots)
MR     .....                    (no amulet)
Stlth  +.........               (no ring)
                                b - ring of magical power

@: not resistant to hostile enchantments, very unstealthy
A: permanent stasis, dig shafts and tunnels, four strong arms, antennae 3
a: Dig, Shaft Self, Burn Spellbooks, Trog's Hand, Renounce Religion


You were on level 3 of the Dungeon.
You worshipped Trog.
Trog was most pleased with you.
You were not hungry.

You visited 1 branch of the dungeon, and saw 3 of its levels.

You collected 126 gold pieces.

Inventory:

Hand weapons
 a - a +0 hand axe
 l - a +2 short sword of speed (weapon)
 v - a +0 war axe
Armour
 k - a +0 plate armour
 o - a +1 chain mail
 s - a +3 leather armour of cold resistance (worn)
Jewellery
 b - a ring of magical power (left hand)
Scrolls
 h - a scroll of enchant armour
 j - 2 scrolls of identify
 p - a scroll of recharging {unknown}
 t - a scroll of blinking {unknown}
 w - a scroll of remove curse {unknown}
Potions
 d - 2 potions of mutation
 e - a potion of resistance {unknown}
 g - a potion of magic {unknown}
 i - a potion of degeneration {unknown}
 n - a potion of invisibility
 q - 2 potions of ambrosia {unknown}
 r - a potion of flight {unknown}
Comestibles
 c - a bread ration
 f - a slice of pizza


   Skills:
 + Level 4.8 Fighting
 * Level 4.6 Axes
 + Level 2.9 Armour
 - Level 1.7 Dodging


You had 4 spell levels left.
You didn't know any spells.

Dungeon Overview and Level Annotations

Branches:
Dungeon (3/15)

Altars:
Sif Muna
Yredelemnul
Zin

Annotations:
D:3 Grinder


Innate Abilities, Weirdness & Mutations

You are under a permanent stasis effect.
You can dig through walls and to a lower floor.
Your four strong arms can wield two-handed weapons with a shield.
You have a pair of large antennae on your head (SInv).


Message History

Grinder is severely wounded.
Grinder hits you!
* * * LOW HITPOINT WARNING * * *
You writhe in agony.
* * * LOW HITPOINT WARNING * * *
You are too injured to fight recklessly!
You are too injured to fight recklessly!
You are too injured to fight recklessly!
You are too injured to fight recklessly!
You hit Grinder.
Grinder is severely wounded.
You closely miss Grinder.
Grinder is severely wounded.
Grinder closely misses you.
You puncture Grinder!
Grinder is almost dead.
Grinder hits you.
* * * LOW HITPOINT WARNING * * *
You writhe in agony.
You die...

..#..[#.#####.#
..._......##.#
# #...#.......#
#.##.##...###.#
#.........###.#
####.......##.#
#.$.....?{.# #
#.###...####.#
... ##..†.@5.#
### #########


You could see Grinder.

Vanquished Creatures
  Ijyb (D:2)
  An orc wizard (D:3)
  Robin (D:2)
  2 adders (D:2)
  2 oozes (D:1)
  A worm (D:2)
  2 giant geckos (D:2)
  2 orcs (D:3)
  5 giant cockroaches
  6 hobgoblins
  8 jackals
  4 quokkas
  6 bats
  2 giant newts (D:2)
  14 goblins
  7 kobolds
  7 rats
71 creatures vanquished.

Notes
Turn   | Place    | Note
--------------------------------------------------------------
     0 | D:1      | pulse the Formicid Berserker began the quest for the Orb.
     0 | D:1      | Reached XP level 1. HP: 18/18 MP: 1/1
    99 | D:1      | Reached XP level 2. HP: 17/24 MP: 2/2
   467 | D:1      | Reached XP level 3. HP: 13/29 MP: 3/3
  1110 | D:2      | Reached skill level 4 in Axes
  1110 | D:2      | Reached XP level 4. HP: 37/37 MP: 4/4
  1116 | D:2      | Acquired Trog's second power
  1596 | D:2      | Noticed Ijyb
  1620 | D:2      | Killed Ijyb
  1620 | D:2      | Reached XP level 5. HP: 38/43 MP: 5/5
  1732 | D:2      | Noticed Robin
  1753 | D:2      | Killed Robin
  1985 | D:2      | Found a deep blue altar of Sif Muna.
  1985 | D:2      | Found a basalt altar of Yredelemnul.
  2638 | D:3      | Found a glowing silver altar of Zin.
  2641 | D:3      | Noticed Grinder
  2686 | D:3      | Slain by Grinder

Vault maps used:
D:1:      shiori_shiawase
D:2:      minitemple, minmay_bisected, uniq_robin, uniq_iyjb
D:3:      nicolae_overflow_crystal_walls, first_bread, uniq_natasha,
          uniq_grinder

Action                   |  1- 3 |  4- 6 || total
-------------------------+-------+-------++-------
Melee: Hand axe          |    35 |       ||    35
       Short sword       |    34 |   193 ||   227
  Use: Scroll            |       |     4 ||     4
  Eat: Chunk             |       |     5 ||     5
       Pizza             |       |     1 ||     1
